 Dungeon Crawl Stone Soup version 0.23-b1-51-gfe822ef6ca (webtiles) character file.

Game seed: 4757337845214341019

12833 Peloso the Carver (level 11, -2/97 HPs)
             Began as a Minotaur Fighter on Feb 4, 2019.
             Was a High Priest of Okawaru.
             Killed from afar by Josephine (23 damage)
             ... with a ghostly fireball
             ... on level 10 of the Dungeon.
             The game lasted 00:26:50 (12060 turns).

Peloso the Carver (Minotaur Fighter)               Turns: 12060, Time: 00:26:50

Health: -2/97      AC: 20    Str: 23    XL:     11   Next: 67%
Magic:  8/10       EV: 10    Int:  5    God:    Okawaru [*****.]
Gold:   809        SH: 14    Dex: 11    Spells: 10/10 levels left

rFire    + + .     SeeInvis .   a - +4 long sword
rCold    + . .     Gourm    .   c - +1 shield
rNeg     . . .     Faith    +   m - +1 plate armour of Hefuck {rF+}
rPois    .         Spirit   .   (helmet restricted)
rElec    .         Reflect  .   C - +0 cloak
rCorr    .         Harm     .   u - +0 pair of gloves
MR       .....                  (no boots)
Stlth    ..........             E - amulet of faith
HPRegen  0.26/turn              z - ring of protection from cold
MPRegen  0.12/turn              M - ring of protection from fire

@: heroism, heavily drained
A: retaliatory headbutt, horns 2
a: Heroism, Finesse, Renounce Religion


You were on level 10 of the Dungeon.
You worshipped Okawaru.
Okawaru was extremely pleased with you.
You were not hungry.

You visited 1 branch of the dungeon, and saw 10 of its levels.

You collected 809 gold pieces.

Inventory:

Hand Weapons
 a - a +4 long sword (weapon)
 b - the +2 flail of Armageddon {holy, rElec}
   (You found it on level 8 of the Dungeon)

   It has been blessed by the Shining One to cause great damage to the undead
   and demons.
   It insulates you from electricity.
 V - the +5 spear of Judgement {flame, Int+5 Dex+4}
   (You found it on level 10 of the Dungeon)

   It has been specially enchanted to burn those struck by it, causing extra
   injury to most foes and up to half again as much damage against particularly
   susceptible opponents.
   It affects your intelligence (+5).
   It affects your dexterity (+4).
Armour
 c - a +1 shield (worn)
 m - the +1 plate armour of Hefuck (worn) {rF+}
   (Okawaru gifted it to you on level 9 of the Dungeon)

   It protects you from fire.
 u - a +0 pair of gloves (worn)
 C - a +0 cloak (worn)
 U - a +1 chain mail of positive energy
Jewellery
 n - an uncursed ring of positive energy
 p - an uncursed ring of ice
 x - a +4 ring of intelligence
 y - an uncursed ring of fire
 z - a ring of protection from cold (left hand)
 E - an amulet of faith (around neck)
 M - a ring of protection from fire (right hand)
 N - an uncursed amulet of guardian spirit {unknown}
 O - an uncursed ring of fire
 R - a +4 ring of dexterity {unknown}
 T - an uncursed ring of magical power {unknown}
Wands
 A - a wand of polymorph (12)
 F - a wand of flame (20)
Scrolls
 i - a scroll of magic mapping
 j - a scroll of identify
 o - 2 scrolls of enchant weapon {unknown}
 r - 5 scrolls of teleportation
 s - a scroll of blinking {unknown}
 t - 4 scrolls of enchant armour
 w - 3 scrolls of remove curse
 D - 5 scrolls of amnesia {unknown}
 H - 2 scrolls of noise {unknown}
 J - a scroll of random uselessness {unknown}
Potions
 d - a potion of might
 e - a potion of magic
 h - a potion of agility
 k - 2 potions of heal wounds
 l - 5 potions of curing
 q - a potion of resistance
 v - a potion of invisibility
 B - 2 potions of haste
 G - a potion of berserk rage
 I - a potion of flight
 K - a potion of cancellation
 L - a potion of brilliance
 P - a potion of degeneration {unknown}
Comestibles
 f - 26 rations


   Skills:
 + Level 9.2(11.7) Fighting
 + Level 12.6(14.9) Long Blades
 + Level 11.3(13.7) Armour
 + Level 4.1(6.9) Dodging
 + Level 1.0(3.9) Stealth
 + Level 11.8(14.2) Shields
 + Level 0.8(0.0) Invocations


You had 10 spell levels left.
You didn't know any spells.
Your spell library contained the following spells:

 Spells                   Type           Power        Failure   Level  Hunger
 Magic Dart               Conj           #...         99%         1    ##.....
 Blink                    Tloc           N/A          100%        2    ###....
 Call Imp                 Summ           #.......     100%        2    ###....
 Searing Ray              Conj           #.....       100%        2    ###....
 Slow                     Hex            #.......     100%        2    ###....
 Conjure Flame            Conj/Fire      #.......     100%        3    ####...
 Dazzling Spray           Conj/Hex       #.....       100%        3    ####...
 Mephitic Cloud           Conj/Pois/Air  #.......     100%        3    ####...
 Force Lance              Conj/Tloc      #.......     100%        4    #####..
 Fulminant Prism          Conj/Hex       #.........   100%        4    #####..
 Iskenderun's Mystic Bla  Conj           #.......     100%        4    #####..


Dungeon Overview and Level Annotations

Branches:
Dungeon (10/15)            Temple (0/1) D:4            Lair (0/6) D:8
    Orc: D:9-12

Altars:
Fedhas
Gozag
Nemelex Xobeh
Okawaru

Shops:
D:8 **

Annotations:
D:5 2 runed translucent doors, crossborder's ghost, amateur GrWr
D:10 Josephine


Innate Abilities, Weirdness & Mutations

You reflexively headbutt those who attack you in melee.
You have a pair of horns on your head.


Message History

You headbutt the wraith, but do no damage.
The wraith is moderately damaged.
You block Josephine's attack.
You slash Josephine! You headbutt Josephine!
Josephine is heavily wounded.
You block the wraith's attack. The wraith hits you but does no damage.
You slash Josephine!
Josephine is severely wounded.
You block the wraith's attack.
Josephine is infused with unholy energy.
* * * LOW HITPOINT WARNING * * *
Josephine draws life force from you and is healed!
You block the wraith's attack. The wraith closely misses you.
You barely miss Josephine.
Josephine is heavily wounded.
You block the wraith's attack.
Josephine points at you and mumbles some strange words.
The ghostly flame explodes!
You feel drained. The ghostly fireball engulfs you!!
You die...

+...## #....####..<....
###.### ####..##########
#.#.# ##..##.....##
#..#### ##[##.....##
##....# #..#.....##
####.# ##.........
#.###########.......##
#.#.................#
####...@@W.#######.....#
#......WW...# #.....#
###.#..........#
#....<##
#...#..........#
###.....
#.###..........# ######
#.# #..........# #######
#.# #....(.....#
##...... #.#
##........## #..#####
#.###..........# #.##


You could see Josephine and 3 wraiths.

Vanquished Creatures
  Harold (D:8)
  Nergalle (D:10)
  An unseen horror (D:10)
  Joseph (D:10)
  A centaur zombie (D:9)
  Psyche (D:8)
  A komodo dragon (D:8)
  2 trolls
  A hornet (D:10)
  The ghost of H0rd4k the Charlatan, an amateur HuAr (D:4)
  3 slime creatures (D:9)
  A hippogriff (D:10)
  A spriggan (D:7)
  15 yaks
  A wraith (D:10)
  A hungry ghost (D:10)
  A water moccasin (D:6)
  A necrophage (D:8)
  5 orc warriors
  A black bear (D:9)
  2 ice beasts
  3 phantoms
  5 ogres
  2 centaurs (D:9)
  3 big kobolds
  8 bullfrogs
  A gnoll sergeant (D:9)
  A water moccasin zombie (D:5)
  5 scorpions
  8 killer bees
  17 wights
  4 bullfrog zombies
  3 crimson imps
  6 hounds
  10 orc priests
  2 bullfrog skeletons
  2 jellies
  7 orc wizards
  A centaur skeleton (D:4)
  2 iguanas
  10 worker ants
  A hound zombie (D:10)
  A hound skeleton (D:8)
  2 worker ant zombies (D:6)
  14 gnolls
  12 adders
  2 shadow imps (D:8)
  2 oozes
  3 worms
  3 dart slugs
  5 leopard geckos
  37 orcs
  11 giant cockroaches
  29 goblins
  31 hobgoblins
  6 jackals
  17 kobolds
  4 quokkas
  3 ball pythons
  3 bats
  4 frilled lizards
  A giant cockroach zombie (D:5)
  A jackal skeleton (D:4)
  A quokka skeleton (D:4)
  8 rats
344 creatures vanquished.

Vanquished Creatures (others)
  A leopard gecko (D:10)
  4 plants (D:8)
5 creatures vanquished.

Grand Total: 349 creatures vanquished

Notes
Turn   | Place    | Note
-------+----------+-------------------------------------------
     0 | D:1      | Peloso the Minotaur Fighter began the quest for the Orb.
     0 | D:1      | Reached XP level 1. HP: 19/19 MP: 0/0
   114 | D:1      | Reached XP level 2. HP: 27/27 MP: 1/1
   330 | D:1      | Reached XP level 3. HP: 33/34 MP: 2/2
   881 | D:2      | Reached skill level 3 in Long Blades
   939 | D:2      | Reached XP level 4. HP: 41/41 MP: 3/3
  1140 | D:2      | Reached XP level 5. HP: 39/47 MP: 4/4
  1291 | D:2      | Reached skill level 4 in Long Blades
  1946 | D:3      | Found an iron altar of Okawaru.
  1954 | D:3      | Became a worshipper of Warmaster Okawaru
  2455 | D:3      | Reached skill level 1 in Dodging
  2455 | D:3      | Reached skill level 5 in Shields
  2455 | D:3      | Reached XP level 6. HP: 53/55 MP: 5/5
  2500 | D:3      | Reached skill level 5 in Fighting
  2553 | D:3      | Reached skill level 5 in Long Blades
  3161 | D:4      | Reached * piety under Okawaru
  3161 | D:4      | Reached skill level 5 in Armour
  3161 | D:4      | Reached XP level 7. HP: 57/61 MP: 6/6
  3213 | D:4      | Found a staircase to the Ecumenical Temple.
  3251 | D:4      | Reached skill level 6 in Long Blades
  3259 | D:4      | Found a large runed translucent door.
  3259 | D:4      | Found a large runed translucent door.
  3260 | D:4      | Noticed H0rd4k's ghost (amateur HuAr)
  3701 | D:4      | Killed H0rd4k's ghost
  3701 | D:4      | Reached ** piety under Okawaru
  3701 | D:4      | Reached skill level 7 in Long Blades
  3827 | D:5      | Entered Level 5 of the Dungeon
  3840 | D:5      | Reached XP level 8. HP: 62/70 MP: 7/7
  4455 | D:5      | Reached skill level 8 in Long Blades
  4646 | D:5      | Found a large runed translucent door.
  4648 | D:5      | Found a large runed translucent door.
  4649 | D:5      | Noticed crossborder's ghost (amateur GrWr)
  5417 | D:6      | Reached *** piety under Okawaru
  5427 | D:6      | Reached XP level 9. HP: 27/78 MP: 8/8
  5431 | D:6      | Reached skill level 9 in Long Blades
  5968 | D:6      | Found a blossoming altar of Fedhas.
  6260 | D:7      | Found a sparkling altar of Nemelex Xobeh.
  6663 | D:7      | Reached **** piety under Okawaru
  6663 | D:7      | Reached skill level 10 in Long Blades
  7500 | D:8      | Got a twisted flail
  7501 | D:8      | Identified the +2 flail of Armageddon {holy, rElec} (You
                  | found it on level 8 of the Dungeon)
  7861 | D:8      | Noticed Psyche
  7868 | D:8      | Killed Psyche
  7898 | D:8      | Reached XP level 10. HP: 84/88 MP: 9/9
  7926 | D:8      | Found a staircase to the Lair.
  7955 | D:8      | Reached ***** piety under Okawaru
  8615 | D:8      | Found an opulent altar of Gozag.
  8619 | D:8      | Found Gozag's Platinum Reserve.
  8884 | D:8      | Noticed Harold
  8909 | D:8      | Killed Harold
  8909 | D:8      | Reached skill level 11 in Long Blades
  8909 | D:8      | Reached skill level 1 in Stealth
  9102 | D:8      | Found Loixoj's Assorted Antiques.
  9528 | D:9      | Reached skill level 10 in Armour
  9755 | D:9      | Received a gift from Okawaru
  9813 | D:9      | Reached skill level 10 in Shields
 10218 | D:9      | Received a gift from Okawaru
 10296 | D:9      | Got a fine plate armour {god gift}
 10302 | D:9      | Identified the +1 plate armour of Hefuck {rF+} (Okawaru
                  | gifted it to you on level 9 of the Dungeon)
 10461 | D:9      | Reached XP level 11. HP: 95/95 MP: 10/10
 11170 | D:10     | Entered Level 10 of the Dungeon
 11342 | D:10     | Noticed Nergalle
 11364 | D:10     | Killed Nergalle
 11364 | D:10     | Reached skill level 12 in Long Blades
 11443 | D:10     | Got an iridescent spear
 11461 | D:10     | Identified the +5 spear of Judgement {flame, Int+5 Dex+4}
                  | (You found it on level 10 of the Dungeon)
 11602 | D:10     | Noticed Joseph
 11614 | D:10     | Killed Joseph
 11656 | D:10     | Noticed Josephine
 11937 | D:10     | Killed an unseen horror
 11937 | D:10     | Received a gift from Okawaru
 12060 | D:10     | Killed from afar by Josephine

Skill      XL: |  1  2  3  4  5  6  7  8  9 10 11 |
---------------+----------------------------------+-----
Fighting       | 4 5 6 7 8 9 |  9.2
Shields        | 4 5 6 7 8 10 11 | 11.8
Long Blades    | 3 4 5 7 8 10 11 12 | 12.6
Armour         | 4 5 6 7 9 10 11 | 11.3
Dodging        | 1 2 3 4 |  4.1
Stealth        | 1 |  1.0
Invocations    | |  0.8

Action                   |  1- 3 |  4- 6 |  7- 9 | 10-12 || total
-------------------------+-------+-------+-------+-------++-------
Melee: Long sword        |    80 |   236 |   394 |   548 ||  1258
       Headbutt          |    13 |    28 |   109 |   128 ||   278
Invok: Heroism           |       |       |     2 |     6 ||     8
  Use: Potion            |       |       |     2 |       ||     2
       Scroll            |       |       |       |    12 ||    12
  Eat: Chunk             |       |     7 |    16 |    14 ||    37
Armor: Scale mail        |    26 |       |       |       ||    26
       Chain mail        |    31 |   136 |   173 |   104 ||   444
       Plate armour      |       |       |       |   114 ||   114
Dodge: Dodged            |    21 |    80 |   114 |   141 ||   356
Block: Shield            |    44 |   138 |   266 |   305 ||   753
       Rpst.: Long sword |     8 |    18 |    40 |    37 ||   103
